 Dungeon Crawl Stone Soup version 0.28-a0-1038-g9c4cb8273d (webtiles) character file.

Game seed: 5078531220600241519

9 ytrimaz the Insei (level 2, 18/18 HPs)
             Began as an Octopode Transmuter on Dec 8, 2021.
             Was a Follower of Dithmenos.
             Quit the game on level 1 of the Dungeon.
             The game lasted 00:00:16 (374 turns).

ytrimaz the Insei (Octopode Transmuter)              Turns: 374, Time: 00:00:17

Health: 18/18      AC:  1    Str:  9    XL:     2   Next: 12%
Magic:  5/5        EV: 13    Int: 15    God:    Dithmenos [*.....]
Gold:   0          SH:  0    Dex: 12    Spells: 4/5 levels left

rFire   . . .      SeeInvis .     - Unarmed
rCold   . . .      Faith    .   (no shield)
rNeg    . . .      Spirit   .   (helmet restricted)
rPois   .          Reflect  .   (no amulet)
rElec   .          Harm     .   (no ring)
rCorr   .          Rampage  .   (no ring)
Will    .....                   (no ring)
Stlth   +++.......              (no ring)
HPRegen 0.06/turn               (no ring)
MPRegen 0.09/turn               (no ring)
                                (no ring)
                                (no ring)

@: wreathed by umbra
A: almost no armour, amphibious, 8 rings, camouflage 1, gelatinous body 1,
(nimble swimmer 1), tentacles
a: Renounce Religion


You were on level 1 of the Dungeon.
You worshipped Dithmenos.
Dithmenos was aware of your devotion.
You visited 1 branch of the dungeon, and saw 1 of its levels.

Inventory:

Potions
 a - 2 potions of lignification {unknown}


   Skills:
 - Level 1.0 Fighting
 * Level 2.0 Dodging
 + Level 3.3 Unarmed Combat
 * Level 2.1 Spellcasting
 * Level 2.2 Transmutations


You had 4 spell levels left.
You knew the following spells:

 Your Spells              Type           Power      Damage    Failure   Level
a - Beastly Appendage     Tmut           16%        N/A       9%          1

Your spell library contained the following spells:

 Spells                   Type           Power      Damage    Failure   Level
 Wereblood                Tmut           8%         N/A       14%         2
 Spider Form              Tmut/Pois      4%         N/A       38%         3
 Ice Form                 Ice/Tmut       4%         N/A       80%         4


Dungeon Overview and Level Annotations

Branches:
Dungeon (1/15)

Altars:
Dithmenos


Innate Abilities, Weirdness & Mutations

You cannot wear most types of armour.
You are amphibious.
You can wear up to eight rings at the same time.
Your skin changes colour to match your surroundings (Stealth+).
Your rubbery body absorbs attacks. (AC +1, EV +1)
((You are camouflaged near water. (Stealth+)))
You have tentacles for arms and can constrict up to eight enemies at once.


Message History

You kill the rat!
You have reached level 2!
a - 2 inky potions
There is a faded altar of an unknown god here.
You cannot tell which god this altar belongs to.
Convert to them anyway?
Dithmenos accepts your prayer! Dithmenos welcomes you!
You are shrouded in an aura of darkness!
Key pressed, stopping explore.
A goblin comes into view. It is wielding a +0 club.
A goblin is nearby!
A goblin is nearby!
A goblin is nearby!
One of your tentacles grows a vicious spike.
A rat and a hobgoblin come into view.
Your transformation is almost over.
You see here a scroll labelled VALLAL YRPHADOADEH.
The helpless goblin fails to defend itself.
You tentacle-slap the goblin. Your grab misses the goblin.
Your tentacle spike misses the goblin.
You tentacle-slap the goblin, but do no damage.
The goblin is severely wounded.
The goblin hits you with a +0 club.
You tentacle-slap the goblin.
You kill the goblin!
Dithmenos accepts your kill.
Unknown command.
You tentacle-slap the rat.
You kill the rat!
Dithmenos accepts your kill.
No target in view!
Unknown command.
Your tentacle spike disappears.
Things that are here:
a +0 club; a goblin corpse You see here a scroll labelled VALLAL YRPHADOADEH.
A hobgoblin is nearby!
A hobgoblin is nearby!
A hobgoblin is nearby!
Are you sure you want to abandon this character and quit the game? (Confirm with "yes".)

......PP..<# #. ...........#
#.# P#P#P#P#P### ##.##
########### #...#
###.#.....# #...#
..........## #...#
...#.......# #####...#####
.....#####.###......)....##.
.....# #......@...........
...#.# #.###...........###
8..#.# #.# ###.#....####
...#.# #.# #.#....# ⌠)......
..# #.#....# ..###.## ###
#.#....# 8.# .# #.##.#.# ..#
.# #.g....# ..#


You could see a hobgoblin (asleep).

Vanquished Creatures
  3 ball pythons (D:1)
  A goblin (D:1)
  2 jackals (D:1)
  3 rats (D:1)
9 creatures vanquished.

Notes
Turn   | Place    | Note
-------+----------+-------------------------------------------
     0 | D:1      | ytrimaz the Octopode Transmuter began the quest for the
                  | Orb.
     0 | D:1      | Reached XP level 1. HP: 13/13 MP: 3/3
    80 | D:1      | Found a faded altar of an unknown god.
    92 | D:1      | Reached XP level 2. HP: 6/18 MP: 5/5
    97 | D:1      | Prayed at the altar of an unknown god.
    97 | D:1      | Became a worshipper of Dithmenos the Shadowed
    97 | D:1      | Reached * piety under Dithmenos
   374 | D:1      | Quit the game

Illustrated notes

Levels and vault maps discovered:
D:1:      minmay_arrival_plants_in_alcoves, layout_loops_cross,
          hellmonk_ecumenical_altar_dog_temple, serial_shops, shop,
          minmay_misc_feat_alley

Action                   || total
-------------------------++-------
Melee: Unarmed           ||    18
       Constrict         ||     4
       Tentacles         ||     2
       Punch             ||     2
 Cast: Beastly Appendage ||     1
 Stab: Sleeping          ||     2
Dodge: Dodged            ||    12

Table legend: (Time is in decaauts)
 A = Elapsed time spent in this place.
 B = Non-inter-level travel time spent in this place.
 C = Inter-level travel time spent in this place.
 D = Time resting spent in this place.
 E = Time spent auto-exploring this place.
 F = Levels seen in this place.
 G = Mean time per level.
                   A        B        C        D        E       F      G
               +--------+--------+--------+--------+--------+-----+--------+
         Total |    373 |    373 |      0 |      0 |    317 |   1 |  373.0 |
       Dungeon |    373 |    373 |      0 |      0 |    317 |   1 |  373.0 |
               +--------+--------+--------+--------+--------+-----+--------+

Top non-repeatable levels by time:
     D:1: 373 daAuts
